Map: Frostline LE

Players

wootwoot - Winner!

  • Race: Terran Terran
  • League: Bronze
  • Spawn Location: 1:00

Imran

  • Race: Terran Terran
  • League: Gold
  • Spawn Location: 7:00

VOD

Have the link to the VOD?

Description

Time

  • Played on: April 1, 2025, 3:39 p.m.
  • Length: 4:03
Show
View Real Time Build Order
Export as new Build Order

wootwoot Terran - Winner!

Build Orders: 1/1/1 

Get SALT Encoding   

  12  0:00  SCV  
  13  0:12  SCV  
  14  0:17  Supply Depot  
  14  0:24  SCV  
  14  0:28  Refinery  
  15  0:39  SCV  
  16  0:45  Barracks  
  16  0:51  SCV  
  16  0:54  Refinery  
  17  1:03  SCV  
  18  1:15  SCV  
  19  1:32  Orbital Command, Barracks Reactor  
  19  1:35  Factory  
  19  1:48  Supply Depot  
  19  1:58  SCV  
  20  2:08  Marine x2  
  22  2:20  Starport, Factory Tech Lab  
  22  2:23  SCV  
  22  2:26  Marine x2  
  25  2:32  Supply Depot  
  25  2:38  Siege Tank  
  25  2:42  SCV  
  29  2:45  Marine  
  29  2:47  Marine  
  31  2:56  Medivac  
  33  3:03  Marine  
  33  3:05  Marine  
  35  3:18  Siege Tank  
  38  3:21  Marine  
  39  3:27  Viking  
  41  3:37  Marine  
  41  3:38  Marine  
  41  3:40  Supply Depot  
Show
View Real Time Build Order
Export as new Build Order

Imran Terran 

Build Orders:  

Get SALT Encoding   

  12  0:00  SCV  
  13  0:12  SCV  
  14  0:20  Supply Depot  
  14  0:26  SCV  
  15  0:42  SCV  
  16  0:43  Barracks  
  16  0:54  SCV  
  17  0:58  Barracks  
  17  1:06  SCV  
  18  1:11  Supply Depot  
  19  1:18  SCV  
  19  1:34  Marine  
  20  1:42  SCV  
  20  1:44  Marine  
  22  1:52  Marine  
  23  1:54  SCV  
  24  2:02  Marine  
  24  2:03  Refinery  
  24  2:05  Refinery  
  25  2:10  Marine  
  25  2:12  SCV  
  27  2:20  Marine  
  27  2:22  Supply Depot  
  28  2:23  Supply Depot  
  28  2:24  SCV  
  28  2:28  Marine  
  30  2:36  SCV  
  31  2:43  Marine  
  32  2:44  Supply Depot  
  32  2:46  Marine  
  33  3:01  Factory  
  33  3:15  Marine  
  34  3:24  SCV  
  35  3:27  Supply Depot  
  35  3:33  Marine  
  36  3:36  Marine  
  36  3:37  SCV  
  38  3:46  Factory Tech Lab  
  38  3:49  SCV, Starport  
  38  3:50  Supply Depot  
Tags
 
Matchup
TvT
Opening
1/1/1
Race
Terran
Replay Pack
B2M-Replays
Spawn Locations
Cross Positions
Add a new tag
Caveats
  • Supply blocks, unpowered buildings, or Contaminate may cause inaccurate times.
  • Supply counts are checked every 10 seconds.